AoeStats
← Derribando Burocracias

Fortress

510216144Analyzed
4v4 RM · 3d ago on Sep 30, 2026· 44m 5s· 8 players
Game mode
Random Map
Map size
Huge
Population
200
Speed
Normal
Resources
Standard
Victory
Conquest
Starting age
Dark Age
Ending age
Imperial Age
RankedLock teamsTeams togetherTeam positionsShared explorationLock speedFull tech treeHidden civsTurbo modeCheats
Victory
Defeat
🇨🇴 Franks · Colombia
663
+12
🇧🇷 Huns · Brazil
642
+13
🇨🇳 Chinese · China
623
+13
🇬🇧 Poles · United Kingdom
611
+14
🇵🇪 Khmer · Peru
679
-42
551
-12
🇳🇿 Inca · New Zealand
539
-12
🇨🇱 Malay · Chile
487
-10
Caligula
0:32 Loom
11:17 Feudal Age
12:03 Double-Bit Axe
12:58 Wheelbarrow
12:08 Town Watch
12:37 Stone Mining
12:38 Gold Mining
19:10 Castle Age
19:29 Pikeman
20:10 Squires
20:23 Bow Saw
20:33 Hand Cart
20:18 Town Patrol
27:20 Imperial Age
26:28 Gold Shaft Mining
29:12 Chemistry
28:22 Caravan
28:02 Light Cavalry
28:45 Husbandry
31:52 Cavalier
32:42 Scale Barding Armor
32:37 Scale Mail Armor
32:48 Forging
35:09 Masonry
36:38 Murder Holes
37:14 Architecture
39:15 Chain Barding Armor
39:10 Chain Mail Armor
39:31 Iron Casting
38:38 Paladin
42:16 Hoardings
41:27 Heavy Scorpion
41:28 Onager
41:28 Capped Ram
41:59 Halberdier
42:25 Arson
42:26 Gambesons
42:02 Man-at-Arms
I DeathSinger I
11:36 Feudal Age
13:20 Horse Collar
13:28 Double-Bit Axe
16:02 Stone Mining
16:05 Gold Mining
20:14 Castle Age
21:37 Caravan
22:03 Heavy Plow
22:28 Bow Saw
22:56 Stone Shaft Mining
27:39 Treadmill Crane
28:12 Fortified Wall
28:17 Forging
28:08 Scale Mail Armor
28:27 Scale Barding Armor
29:36 Masonry
29:42 Szlachta Privileges
34:16 Imperial Age
32:25 Wheelbarrow
33:21 Hand Cart
34:31 Iron Casting
34:11 Chain Mail Armor
34:18 Chain Barding Armor
34:22 Ballistics
33:59 Murder Holes
34:37 Arson
34:53 Squires
34:19 Elite Obuch
35:21 Conscription
35:50 Crop Rotation
36:38 Blast Furnace
35:53 Siege Engineers
38:53 Lechitic Legacy
39:46 Chemistry
39:20 Plate Mail Armor
Æthelred
7:27 Feudal Age
16:41 Castle Age
17:09 Double-Bit Axe
17:07 Horse Collar
17:27 Gold Mining
17:31 Stone Mining
18:10 Bloodlines
18:19 Gold Mining
23:16 Husbandry
24:27 Bow Saw
24:31 Heavy Plow
26:29 Scale Barding Armor
28:25 Gold Shaft Mining
28:19 Chain Barding Armor
30:49 Imperial Age
31:00 Marauders
31:56 Conscription
30:57 Elite Tarkan
32:15 Plate Barding Armor
WINGER
0:40 Loom
8:38 Feudal Age
13:23 Castle Age
11:36 Double-Bit Axe
11:33 Horse Collar
11:55 Gold Mining
11:58 Stone Mining
14:17 Bow Saw
14:14 Heavy Plow
16:54 Stone Shaft Mining
21:47 Gold Shaft Mining
24:52 Wheelbarrow
27:24 Imperial Age
26:06 Hand Cart
29:33 Two-Man Saw
28:40 Fletching
28:50 Padded Archer Armor
30:35 Chemistry
29:55 Ballistics
29:58 Conscription
31:50 Bodkin Arrow
32:11 Leather Archer Armor
31:18 Elite Chu Ko Nu
32:29 Caravan
32:43 Masonry
32:44 Fortified Wall
32:37 Great Wall
33:23 Bracer
33:57 Ring Archer Armor
35:07 Forging
34:58 Scale Mail Armor
35:08 Squires
34:54 Arson
34:33 Pikeman
34:42 Pikeman
35:10 Arson
36:12 Thumb Ring
35:29 Halberdier
36:49 Iron Casting
36:37 Capped Ram
38:07 Architecture
37:57 Chain Mail Armor
37:59 Siege Ram
38:08 Elite Skirmisher
40:32 Blast Furnace
40:02 Plate Mail Armor
41:37 Elite Fire Lancer
Lejour
9:02 Feudal Age
11:23 Double-Bit Axe
11:58 Horse Collar
14:25 Gold Mining
14:29 Stone Mining
14:46 Man-at-Arms
17:33 Wheelbarrow
20:04 Castle Age
22:32 Gold Shaft Mining
22:37 Stone Shaft Mining
21:33 Long Swordsman
23:37 Bow Saw
23:31 Heavy Plow
24:28 Hand Cart
24:01 Loom
23:46 Crossbowman
23:46 Elite Skirmisher
35:21 Imperial Age
34:27 Masonry
35:49 Elite Ballista Elephant
Derribando Burocracias
maximo.cmd
1:11 Loom
9:04 Feudal Age
8:44 Double-Bit Axe
11:31 Wheelbarrow
10:41 Man-at-Arms
12:00 Arson
13:13 Stone Mining
13:59 Gold Mining
26:22 Castle Age
29:39 Imperial Age
30:08 Hand Cart
30:30 Bow Saw
30:05 Horse Collar
30:40 Long Swordsman
30:45 Crossbowman
30:56 Pikeman
31:37 Squires
33:34 Two-Handed Swordsman
33:36 Halberdier
34:54 Elite Skirmisher
34:55 Arbalester
35:41 Thumb Ring
37:46 Gold Shaft Mining
37:46 Stone Shaft Mining
37:21 Heavy Plow
41:47 Fletching
41:58 Padded Archer Armor
42:09 Forging
Lag
Connection lost

Rejoining the realm…

Still unreachable

The connection could not be restored.

Session expired

The server has moved on; the page needs a fresh start.